 Dungeon Crawl Stone Soup version 0.30-a0-595-g91969c0fa5 (webtiles) character file.

Game seed: 15440783970308059922

137 HoaS the Shooter (level 5, 0/30 HPs)
             Began as a Gargoyle Hunter on Jan 6, 2023.
             Slain by a gnoll
             ... wielding a +0 flail
              (7 damage)
             ... on level 2 of the Dungeon.
             The game lasted 00:04:39 (1772 turns).

HoaS the Shooter (Gargoyle Hunter)                  Turns: 1772, Time: 00:04:39

Health: 0/30       AC:  9    Str: 14    XL:     5   Next: 20%
Magic:  5/5        EV: 11    Int: 10    God:
Gold:   113        SH:  5    Dex: 15    Spells: 4/4 levels left

rFire   . . .      SeeInvis .    a - +2 shortbow
rCold   . . .      Faith    .    (shield currently unavailable)
rNeg    + . .      Spirit   .    c - +0 leather armour
rPois   ∞          Reflect  +    (no helmet)
rElec   +          Harm     .    m - +1 cloak
rCorr   .          Rampage  .    (no gloves)
Will    .....                    (no boots)
Stlth   ++                       i - amulet of reflection
HPRegen 0.25/turn                (no ring)
MPRegen 0.09/turn                (no ring)

@: studying Dodging
A: sickness immunity, AC +4, negative energy resistance 1, electricity
resistance, torment resistance 1, petrification resistance
a: no special abilities


You were on level 2 of the Dungeon.
You visited 1 branch of the dungeon, and saw 3 of its levels.

You collected 113 gold pieces.

Inventory:

Hand Weapons
 a - a +2 shortbow (weapon)
Armour
 c - a +0 leather armour (worn)
 m - a +1 cloak (worn)
Jewellery
 i - an amulet of reflection (around neck)
Wands
 e - a wand of acid (6)
Scrolls
 b - a scroll of immolation
 f - 2 scrolls of teleportation
 g - 4 scrolls of poison
 n - a scroll of blinking
Potions
 d - 2 potions of cancellation {unknown}
 h - 3 potions of heal wounds {unknown}
 j - a potion of berserk rage {unknown}
 k - a potion of attraction {unknown}
 l - 3 potions of curing


   Skills:
 - Level 2.1 Fighting
 + Level 6.3 Ranged Weapons
 - Level 1.5 Dodging
 - Level 1.1 Stealth


You had 4 spell levels left.
You didn't know any spells.
Your spell library contained the following spells:

 Spells                   Type           Power      Damage    Failure   Level
 Shock                    Conj/Air       0%         1d3       43%         1
 Blink                    Tloc           0%         N/A       58%         2
 Swiftness                Air            0%         N/A       82%         3
 Airstrike                Air            0%         2d(0-16)  99%         4
 Manifold Assault         Tloc           0%         N/A       99%         4
 Storm Form               Tmut/Air       0%         N/A       100%        7


Dungeon Overview and Level Annotations

Branches:
Dungeon (3/15)

Altars:


Innate Abilities, Weirdness & Mutations

You are immune to sickness and miasma.
Your stone body is resilient. (AC +4)
You are immune to poison.
You resist negative energy. (rN+)
You are resistant to electric shocks. (rElec)
You are resistant to unholy torment.
You are immune to petrification.


Message History

You hear a shout!
A gnoll comes into view. It is wielding a +0 flail.
A gnoll comes into view. It is wielding a +0 club.
The gnoll attacks as you move away! The gnoll hits you but does no damage.
There is a stone staircase leading up here.
You see here a +0 ring mail.
The gnoll hits you but does no damage.
You climb upwards.
There is a stone staircase leading down here.
You shoot an arrow. The arrow hits the gnoll!
You kill the gnoll!
You shoot an arrow. The arrow hits the rat!
You kill the rat!
You climb downwards.
The gnoll hits you with a +0 flail.
There is a stone staircase leading up here.
You see here a +0 ring mail.
The gnoll hits you with a +0 flail.
You climb upwards.
There is a stone staircase leading down here.
You shoot an arrow. The arrow hits the gnoll.
The gnoll is lightly wounded.
The gnoll hits you with a +0 flail!
You are too injured to fight recklessly!
You are too injured to fight recklessly!
You are too injured to fight recklessly!
You are too injured to fight recklessly!
You are too injured to fight recklessly!
You are too injured to fight recklessly!
You shoot an arrow. The arrow barely misses the gnoll.
The gnoll hits you with a +0 flail!
* * * LOW HITPOINT WARNING * * *
You block the gnoll's attack.
You shoot an arrow.
The arrow hits the gnoll but does no damage.
The gnoll is lightly wounded.
The gnoll hits you but does no damage.
You shoot an arrow. The arrow hits the gnoll.
The gnoll is severely wounded.
The gnoll hits you with a +0 flail!
You die...

.##.....<....##..........##.# ##.
..#.#.....#..########)#####.# #..
..#.#..##"#..# #†......# #..
.......##.#..# ##.####### #..
....#........# #...# #.#
#.###.###.##.# #...# #.# #.###.#
#.##.# #[..# #.# ....#.# #....#
#####...##### #.#
....#.###..).###@..........####.#
......##.......g.)..............#
....####.......#...........###...
....# #.......#####...##### #..#
.#### ###...### #...# #... .#
#...# #...# #.## .# ##.## #...#
#.## .# #.# ##.## #... .#
#.#########.## ####


You could see a gnoll.

Vanquished Creatures
  An orc wizard (D:3)
  5 adders
  A gnoll (D:2)
  2 worms (D:2)
  A dart slug (D:3)
  An orc (D:3)
  4 endoplasms
  2 hobgoblins
  4 quokkas
  4 ball pythons
  3 bats
  2 frilled lizards
  A goblin (D:2)
  5 kobolds
  3 rats
39 creatures vanquished.

Vanquished Creatures (others)
  An orc wizard (D:3)
1 creature vanquished.

Grand Total: 40 creatures vanquished

Notes
Turn   | Place    | Note
-------+----------+-------------------------------------------
     0 | D:1      | HoaS the Gargoyle Hunter began the quest for the Orb.
     0 | D:1      | Reached XP level 1. HP: 12/12 MP: 1/1
   186 | D:1      | Found a faded altar of an unknown god.
   442 | D:1      | Reached XP level 2. HP: 17/17 MP: 2/2
   676 | D:2      | Identified a scroll of acquirement
   676 | D:2      | Acquired a manual of Dodging
   916 | D:2      | Reached XP level 3. HP: 21/21 MP: 3/3
  1076 | D:2      | Reached skill level 5 in Ranged Weapons
  1417 | D:3      | Reached XP level 4. HP: 26/26 MP: 4/4
  1554 | D:3      | Reached skill level 6 in Ranged Weapons
  1554 | D:3      | Reached XP level 5. HP: 18/30 MP: 5/5
  1772 | D:2      | Slain by a gnoll

Illustrated notes

Levels and vault maps discovered:
D:1:      dpeg_arrival_short_road, layout_loops_ring,
          chequers_ecumenical_altar_grove, chequers_big_river
D:2:      layout_loops_cross
D:3:      layout_loops_ring

Skill      XL: |  1  2  3  4 |
---------------+-------------+-----
Ranged Weapons | 5 6 |  6.3
Fighting       | |  2.1
Dodging        | |  1.5
Stealth        | |  1.1

Action                   |  1- 3 |  4- 6 || total
-------------------------+-------+-------++-------
Melee: Shortbow          |       |     4 ||     4
 Fire: Shortbow          |    78 |    49 ||   127
  Use: Scroll            |    12 |       ||    12
Armor: Leather armour    |    12 |    15 ||    27
Dodge: Dodged            |    10 |    10 ||    20
Block: Other             |     7 |     8 ||    15
       Reflection        |       |     1 ||     1

Table legend: (Time is in decaauts)
 A = Elapsed time spent in this place.
 B = Non-inter-level travel time spent in this place.
 C = Inter-level travel time spent in this place.
 D = Time resting spent in this place.
 E = Time spent auto-exploring this place.
 F = Levels seen in this place.
 G = Mean time per level.
                   A        B        C        D        E       F      G
               +--------+--------+--------+--------+--------+-----+--------+
         Total |   1820 |   1731 |     89 |     48 |   1290 |   3 |  606.7 |
       Dungeon |   1820 |   1731 |     89 |     48 |   1290 |   3 |  606.7 |
               +--------+--------+--------+--------+--------+-----+--------+

Top non-repeatable levels by time:
     D:1: 683 daAuts
     D:2: 674 daAuts
     D:3: 462 daAuts
